 Dungeon Crawl Stone Soup version 0.13.1-27-ga479965 (webtiles) character file.

409 Bogabada the Slinger (level 6, -7/35 HPs)
             Began as a Kobold Hunter on Feb 6, 2014.
             Mangled by Pikel
             ... wielding a +2,+0 whip of electrocution
              (22 damage)
             ... on Level 4 of the Dungeon.
             The game lasted 00:12:44 (2398 turns).

Bogabada the Slinger (Kobold Hunter)                Turns: 2398, Time: 00:12:44

HP  -7/35        AC  5     Str 11      XL: 6   Next: 11%
MP   5/5         EV 13     Int  9      God:
Gold 201         SH  0     Dex 18      Spells:  0 memorised,  5 levels left

Res.Fire  : . . .   See Invis. : .   b - +1 sling
Res.Cold  : . . .   Warding    : .   d - +0 leather armour
Life Prot.: . . .   Conserve   : .   (no shield)
Res.Poison: .       Res.Corr.  : .   (no helmet)
Res.Elec. : .       Clarity    : .   q - +0 orc cloak
Sust.Abil.: . .     Spirit.Shd : .   u - +0 pair of gauntlets
Res.Mut.  : .       Stasis     : .   (no boots)
Res.Rott. : .       Flight     : .   x - amulet of rage
Saprovore : + + .                    (no ring)
                                     (no ring)

@: slightly resistant to hostile enchantments, fairly stealthy
A: disease resistance, carnivore 3, saprovore 2
a: Evoke Berserk Rage


You were on level 4 of the Dungeon.
You were not hungry.

You visited 1 branch of the dungeon, and saw 4 of its levels.

You collected 181 gold pieces.

Inventory:

Hand weapons
 a - a +0,+0 short sword
 b - a +1,+1 sling (weapon)
 t - a +2,+2 hand axe of chopping
Missiles
 c - 16 sling bullets (quivered)
 h - 6 poisoned needles
 l - 39 bolts
 r - 14 bolts of penetration
 v - 17 stones
Armour
 d - a +0 leather armour (worn)
 q - a +0 orcish cloak (worn)
 u - a +0 pair of gauntlets (worn)
Magical devices
 y - a wand of digging (12)
Comestibles
 f - 3 meat rations
Scrolls
 e - a scroll of curse weapon {unknown}
 g - 5 scrolls of remove curse
 m - a scroll of curse armour {unknown}
 n - a scroll of teleportation {unknown}
 s - a scroll of fog {unknown}
 w - a scroll of enchant weapon II {unknown}
Jewellery
 x - an amulet of rage (around neck)
 A - an uncursed amulet of resist mutation {unknown}
Potions
 i - a potion of confusion {unknown}
 k - 3 potions of curing {unknown}
 o - a potion of might {unknown}
 p - 2 potions of slowing {unknown}
 z - a potion of cure mutation {unknown}
 B - a potion of poison {unknown}


   Skills:
 + Level 1.1 Fighting
 * Level 8.0 Slings
 - Level 0.4 Armour
 + Level 2.8 Dodging
 + Level 1.7 Stealth


You had 5 spell levels left.
You didn't know any spells.

Dungeon Overview and Level Annotations

Branches:
Dungeon (4/27)
 Temple: D:4-7

Altars:
Fedhas

Portals:
Ziggurat: D:4 (6900 gp)

Annotations:
D:2 Sigmund
D:4 Pikel


Innate Abilities, Weirdness & Mutations

You recuperate from illness quickly.
You are small and have problems with some larger weapons.
You are carnivorous and can eat meat at any time.
You can eat rotten meat.


Message History

Pikel hits you with a whip of electrocution.
Firing (i - inventory. (,) - cycle):
c - 19 sling bullets (quivered)
Press: ? - help, Shift-Dir - straight line, f/p - Pikel
Aim: Pikel, wielding a whip of electrocution and wearing a glowing robe (severely wounded)
You shoot a sling bullet. The sling bullet hits Pikel.
Pikel is almost dead.
Pikel hits you but does no damage.
Firing (i - inventory. (,) - cycle):
c - 18 sling bullets (quivered)
Press: ? - help, Shift-Dir - straight line, f/p - Pikel
Aim: Pikel, wielding a whip of electrocution and wearing a glowing robe (almost dead)
You shoot a sling bullet. The sling bullet hits Pikel.
Pikel is almost dead.
Firing (i - inventory. (,) - cycle):
c - 17 sling bullets (quivered)
Press: ? - help, Shift-Dir - straight line, f/p - Pikel
Aim: Pikel, wielding a whip of electrocution and wearing a glowing robe (almost dead)
You shoot a sling bullet. The sling bullet misses Pikel.
Pikel hits you with a whip of electrocution.
You are electrocuted!
Ouch! That really hurt!
You die...

........# #.#
#.......>........
#######@###.#
##.##########...#
#.....######.# ###.#
#########.###......#
#.#
......@.......######
#.# ########..#####
#.# # #.##### #.# #
#.#...##### #.# #
#.#(...(K@# #.# .
...........###.# #.#
## #####.##### #.#
#.# #.# #.# #.# #.#
#(# #.# .
#.##############.#
#............(...#
##################


You could see Pikel.

Vanquished Creatures
  2 slaves (D:4)
  A centaur skeleton (D:4)
  2 hounds (D:4)
  4 adders
  A worm (D:2)
  An adder skeleton (D:4)
  2 giant geckos
  An ooze (D:1)
  An orc (D:3)
  3 ball pythons
  A bat skeleton (D:4)
  5 giant cockroaches
  10 goblins
  12 hobgoblins
  7 jackals
  A quokka (D:3)
  4 bats
  5 giant newts
  3 kobolds
  7 rats
73 creatures vanquished.

Vanquished Creatures (others)
  A fungus (D:2)
1 creature vanquished.

Grand Total: 74 creatures vanquished

Notes
Turn   | Place    | Note
--------------------------------------------------------------
     0 | D:1      | Bogabada, the Kobold Hunter, began the quest for the Orb.
     0 | D:1      | Reached XP level 1. HP: 12/12 MP: 0/0
    68 | D:1      | Reached skill level 5 in Slings
   206 | D:1      | Reached XP level 2. HP: 17/17 MP: 1/1
   613 | D:1      | Reached XP level 3. HP: 21/21 MP: 2/2
  1085 | D:2      | Reached skill level 6 in Slings
  1115 | D:2      | Reached XP level 4. HP: 26/26 MP: 3/3
  1323 | D:2      | Found a blossoming altar of Fedhas.
  1327 | D:2      | Noticed Sigmund
  1694 | D:3      | Reached XP level 5. HP: 30/30 MP: 4/4
  1818 | D:3      | Reached skill level 7 in Slings
  1984 | D:4      | Found a gateway to a ziggurat.
  2064 | D:4      | Noticed a slave
  2064 | D:4      | Noticed a slave
  2110 | D:4      | Killed a slave
  2115 | D:4      | Killed a slave
  2369 | D:4      | Reached skill level 8 in Slings
  2369 | D:4      | Reached XP level 6. HP: 35/35 MP: 5/5
  2382 | D:4      | Noticed Pikel
  2398 | D:4      | Mangled by Pikel

Action                   |  1- 3 |  4- 6 || total
-------------------------+-------+-------++-------
 Fire: Sling             |    61 |   120 ||   181
  Use: Scroll            |       |     3 ||     3
       Potion            |       |     2 ||     2
